 Dungeon Crawl Stone Soup version 0.27-a0-1384-g1422d76b99 (webtiles) character file.

Game seed: 7807352382043707234

22 dickylongcocking the Skirmisher (level 3, 0/30 HPs)
             Began as a Djinni Wanderer on July 1, 2021.
             Slain by a quokka (1 damage)
             ... on level 1 of the Dungeon.
             The game lasted 00:00:50 (1086 turns).

dickylongcocking the Skirmisher (Djinni Wanderer)   Turns: 1086, Time: 00:00:50

Health: 0/30       AC:  8    Str: 13    XL:     3   Next: 7%
Gold:   34         EV:  9    Int: 13    God:
                   SH:  0    Dex: 11

rFire    + + .     SeeInvis .   a - +0 club
rCold    x . .     Faith    .   (no shield)
rNeg     . . .     Spirit   .   b - +2 scale mail
rPois    ∞         Reflect  .   (no helmet)
rElec    .         Harm     .   (no cloak)
rCorr    .         Rampage  .   (no gloves)
Will     .....                  (boots unavailable)
Stlth    ..........             (no amulet)
HPRegen  0.10/turn              (no ring)
MPRegen  0.00/turn              (no ring)

@: flying, very slightly contaminated
A: sickness immunity, fire resistance 2, cold vulnerability 1, float, innate
caster, hp casting, extra vitality 1
a: no special abilities


You were on level 1 of the Dungeon.
You visited 1 branch of the dungeon, and saw 1 of its levels.

You collected 34 gold pieces.

Inventory:

Hand Weapons
 a - a +0 club (weapon)
Armour
 b - a +2 scale mail (worn)
Scrolls
 d - a scroll of magic mapping {unknown}
Potions
 c - a potion of degeneration {unknown}
 e - a potion of haste {unknown}


   Skills:
 * Level 3.5 Fighting
 - Level 1.0 Staves
 - Level 1.0 Bows
 - Level 2.0 Armour
 - Level 1.1 Dodging
 - Level 1.0 Stealth
 * Level 1.1 Spellcasting
 - Level 1.0 Evocations


You couldn't memorise any spells.
You knew the following spells:

 Your Spells              Type           Power      Damage    Failure   Level
a - Sting                 Tmut/Pois      12%        1d3       63%         1
b - Mephitic Cloud        Conj/Pois/Air  3%         N/A       94%         3
c - Slow                  Hex            3%         N/A       77%         2
d - Ensorcelled Hibernat  Hex/Ice        6%         N/A       77%         2
e - Freeze                Ice            12%        1d4       63%         1

Your spell library contained the following spells:

 Spells                   Type           Power      Damage    Failure   Level


Dungeon Overview and Level Annotations

Branches:
Dungeon (1/15)

Altars:


Innate Abilities, Weirdness & Mutations

You are immune to sickness and miasma.
You are immune to poison.
Your flesh is very heat resistant. (rF++)
You are vulnerable to cold. (rC-)
You float through the air rather than walking.
You learn spells naturally, not from books.
Your magical power is your life essence.
You have superior vitality. (+4 HP)


Message History

The quokka bites you.
* * * LOW HITPOINT WARNING * * *
The frilled lizard closely misses you.
You barely miss the quokka.
The quokka is heavily wounded.
The quokka bites you but does no damage.
The frilled lizard bites you.
* * * LOW HITPOINT WARNING * * *
The quokka completely misses you.
Casting: Sting (safe; 63% risk of failure)
Confirm with . or Enter, or press ? or * to list all spells.
Aiming: Sting (safe; 63% risk of failure)
Press: ? - help, Shift-Dir - straight line, f - frilled lizard
Aim: a frilled lizard (43% to hit)
The sting hits the frilled lizard.
The frilled lizard is poisoned.
You kill the frilled lizard!
* * * LOW HITPOINT WARNING * * *
The quokka completely misses you.
Unknown command.
Casting: Sting (safe; 63% risk of failure)
Confirm with . or Enter, or press ? or * to list all spells.
Aiming: Sting (safe; 63% risk of failure)
Press: ? - help, Shift-Dir - straight line, f - quokka
Aim: a quokka (heavily wounded, 51% to hit)
You miscast Sting.
You are very lightly contaminated with residual magic.
Nothing appears to happen.
* * * LOW HITPOINT WARNING * * *
The quokka bites you.
* * * LOW HITPOINT WARNING * * *
Unknown command.
Casting: Sting (safe; 63% risk of failure)
Confirm with . or Enter, or press ? or * to list all spells.
Aiming: Sting (safe; 63% risk of failure)
Press: ? - help, Shift-Dir - straight line, f/p - quokka
Aim: a quokka (heavily wounded, 51% to hit)
The sting misses the quokka.
* * * LOW HITPOINT WARNING * * *
The quokka bites you.
You die...

#..# ##...## ...
#.....# ##...## 8.
##.## .. #.# .## ##
#.# ..########...
#.# #.##.......#
##.# #.##.@.....#
#..# #.##r†.....#
#.##
#######...†......#
#.#
........##.......#
#.#
#######.##.......#
#.# #.##.......#
#.#
#######.#####.##.#
#.#
..............#...#
#.#
####...............
#.#


You could see a quokka.

Vanquished Creatures
  2 ball pythons (D:1)
  2 endoplasms (D:1)
  3 hobgoblins (D:1)
  3 kobolds (D:1)
  A quokka (D:1)
  3 bats (D:1)
  A frilled lizard (D:1)
  3 goblins (D:1)
  2 rats (D:1)
20 creatures vanquished.

Notes
Turn   | Place    | Note
-------+----------+-------------------------------------------
     0 | D:1      | dickylongcocking the Djinni Wanderer began the quest for
                  | the Orb.
     0 | D:1      | Reached XP level 1. HP: 20/20 MP: 0/0
   308 | D:1      | Reached XP level 2. HP: 16/25 MP: 0/0
   777 | D:1      | Reached skill level 1 in Spellcasting
  1040 | D:1      | Reached XP level 3. HP: 30/30 MP: 0/0
  1040 | D:1      | Learned a level 1 spell: Freeze
  1086 | D:1      | Slain by a quokka

Illustrated notes

Levels and vault maps discovered:
D:1:      amcnicky_arrival_gap_in_the_tavern_cellar, layout_loops_ring,
          chequers_ecumenical_altar_simple

Skill      XL: |  1  2 |
---------------+-------+-----
Spellcasting   | 1 |  1.1
Fighting       | |  3.5
Staves         | |  1.0
Bows           | |  1.0
Armour         | |  2.0
Dodging        | |  1.1
Stealth        | |  1.0
Evocations     | |  1.0

Action                   || total
-------------------------++-------
Melee: Club              ||   112
 Cast: Sting             ||     5
Armor: Scale mail        ||    84
Dodge: Dodged            ||    96

Table legend: (Time is in decaauts)
 A = Elapsed time spent in this place.
 B = Non-inter-level travel time spent in this place.
 C = Inter-level travel time spent in this place.
 D = Time resting spent in this place.
 E = Time spent auto-exploring this place.
 F = Levels seen in this place.
 G = Mean time per level.
                   A        B        C        D        E       F      G
               +--------+--------+--------+--------+--------+-----+--------+
         Total |   1117 |   1117 |      0 |      0 |    910 |   1 | 1117.0 |
       Dungeon |   1117 |   1117 |      0 |      0 |    910 |   1 | 1117.0 |
               +--------+--------+--------+--------+--------+-----+--------+

Top non-repeatable levels by time:
     D:1: 1117 daAuts
